 Dungeon Crawl Stone Soup version 0.30-a0-137-gd8773701ce (webtiles) character file.

Game seed: 16500260253388777479

298 Griffin23 the Covered (level 6, -6/56 HPs)
             Began as a Minotaur Fighter on Sept 21, 2022.
             Splashed by a jelly's acid (8 damage)
             ... on level 4 of the Dungeon.
             The game lasted 00:04:50 (3728 turns).

Griffin23 the Covered (Minotaur Fighter)            Turns: 3728, Time: 00:04:51

Health: -6/56      AC: -8    Str: 21    XL:     6   Next: 13%
Magic:  5/5        EV:  9    Int:  5    God:
Gold:   100        SH:  4    Dex: 11    Spells: 5/5 levels left

rFire   . . .      SeeInvis .    a - +0 long sword
rCold   . . .      Faith    .    c - +0 buckler
rNeg    . . .      Spirit   .    b - +0 scale mail
rPois   .          Reflect  .    (helmet restricted)
rElec   .          Harm     .    (no cloak)
rCorr   .          Rampage  .    (no gloves)
Will    .....                    (no boots)
Stlth   ..........               (no amulet)
HPRegen 0.18/turn                (no ring)
MPRegen 0.09/turn                (no ring)

@: corroded
A: horns 2, retaliatory headbutt
a: no special abilities


You were on level 4 of the Dungeon.
You visited 1 branch of the dungeon, and saw 4 of its levels.

You collected 150 gold pieces.
You spent 50 gold pieces at shops.

Inventory:

Hand Weapons
 a - a +0 long sword (weapon)
Armour
 b - a +0 scale mail (worn)
 c - a +0 buckler (worn)
 i - a +0 pair of gloves
Jewellery
 g - a ring of poison resistance
 u - a ring of flight
 v - a +4 ring of protection
Scrolls
 f - 3 scrolls of identify {unknown}
 h - 4 scrolls of teleportation {unknown}
 l - a scroll of summoning {unknown}
 m - a scroll of fog {unknown}
 n - a scroll of amnesia {unknown}
 o - a scroll of noise {unknown}
 q - a scroll of blinking {unknown}
 s - a scroll of immolation {unknown}
 w - a scroll of enchant armour {unknown}
Potions
 d - a potion of might
 e - 3 potions of curing {unknown}
 j - 2 potions of flight {unknown}
 k - a potion of lignification {unknown}
 p - a potion of brilliance {unknown}
 r - a potion of degeneration {unknown}
 t - a potion of resistance {unknown}


   Skills:
 * Level 5.0 Fighting
 * Level 4.9 Long Blades
 * Level 5.7 Armour
 + Level 4.3 Shields


You had 5 spell levels left.
You didn't know any spells.
Your spell library contained the following spells:

 Spells                   Type           Power      Damage    Failure   Level
 Necrotise                Necr           0%         1d4       87%         1
 Call Canine Familiar     Summ           0%         N/A       99%         3
 Gell's Gravitas          Tloc           0%         N/A       99%         3
 Portal Projectile        Hex/Tloc       0%         N/A       99%         3
 Teleport Other           Tloc           0%         N/A       99%         3
 Vampiric Draining        Necr           0%         2d6       99%         3
 Leda's Liquefaction      Hex/Erth       0%         N/A       100%        4
 Agony                    Necr           0%         N/A       100%        5
 Dispersal                Tloc           0%         N/A       100%        6


Dungeon Overview and Level Annotations

Branches:
Dungeon (4/15)
 Temple: D:4-7

Altars:

Shops:
D:3 !=


Innate Abilities, Weirdness & Mutations

You have a pair of horns on your head.
You reflexively headbutt those who attack you in melee.


Message History

You are no longer poisoned.
You see here a scorpion corpse.
v - a +4 ring of protection You see here a scorpion corpse.
f - 3 scrolls labelled KUBRAI NEDUNG (gained 1)
You now have 100 gold pieces (gained 7).
A jelly comes into view.
Found a potion of heal wounds.
The jelly quivers.
A jelly is nearby!
Found a stone staircase leading down.
The jelly hits you but does no damage.
You hit the jelly. The acid corrodes you!
Your hands burn!
The jelly is lightly wounded.
The jelly hits you. The acid corrodes you!
You are splashed with acid!
The jelly closely misses you. You furiously retaliate!
You headbutt the jelly. You hit the jelly but do no damage.
Your hands burn!
The jelly is moderately wounded.
The jelly hits you. The acid corrodes you!
You are splashed with acid!
You hit the jelly but do no damage.
Your hands burn!
The jelly is moderately wounded.
The jelly barely misses you.
You hit the jelly but do no damage. The acid corrodes you!
Your hands burn!
The jelly is moderately wounded.
The jelly hits you. The acid corrodes you!
You are splashed with acid!
You are too injured to fight recklessly!
You are too injured to fight recklessly!
You hit the jelly but do no damage.
Your hands burn!
The jelly is moderately wounded.
The jelly barely misses you.
You completely miss the jelly.
The jelly is moderately wounded.
The jelly hits you.
* * * LOW HITPOINT WARNING * * *
You are splashed with acid!
* * * LOW HITPOINT WARNING * * *
The jelly hits you.
* * * LOW HITPOINT WARNING * * *
The acid corrodes you!
You are splashed with acid!
You die...

####.................
#....................
##...........####..#.
###.........# ...
#.....##### #.
#####.# #### #.##
##..... #..##>..#
##..@J# #.......!...
#..########## #.# ...
..## .##


You could see a jelly.

Vanquished Creatures
  A phantom (D:4)
  2 scorpions (D:4)
  4 adders
  2 worms (D:2)
  6 dart slugs
  5 orcs (D:3)
  2 bats
  3 endoplasms
  4 giant cockroaches
  2 goblins (D:2)
  3 hobgoblins
  3 jackals (D:2)
  3 kobolds
  2 quokkas (D:3)
  4 ball pythons
  3 frilled lizards
  A rat (D:2)
50 creatures vanquished.

Notes
Turn   | Place    | Note
-------+----------+-------------------------------------------
     0 | D:1      | Griffin23 the Minotaur Fighter began the quest for the Orb.
     0 | D:1      | Reached XP level 1. HP: 19/19 MP: 0/0
    68 | D:1      | Found a faded altar of an unknown god.
   572 | D:1      | Reached XP level 2. HP: 27/27 MP: 1/1
  1114 | D:2      | Reached XP level 3. HP: 33/33 MP: 2/2
  2003 | D:3      | Reached XP level 4. HP: 41/41 MP: 3/3
  2187 | D:3      | Found Faagan's Jewellery Shop.
  2794 | D:3      | Found Kemmiffo's Distillery.
  2801 | D:3      | Bought a potion of heal wounds for 50 gold pieces
  3063 | D:4      | Noticed a phantom
  3071 | D:4      | Noticed a scorpion
  3082 | D:4      | Killed a phantom
  3083 | D:4      | Reached skill level 5 in Armour
  3083 | D:4      | Reached XP level 5. HP: 22/47 MP: 4/4
  3527 | D:4      | Reached skill level 5 in Fighting
  3527 | D:4      | Reached XP level 6. HP: 28/56 MP: 5/5
  3728 | D:4      | HP: 2/56 [jelly (3)]
  3728 | D:4      | Splashed by a jelly's acid

Illustrated notes

Levels and vault maps discovered:
D:1:      dpeg_arrival_simpleton_a, layout_basic, basic_ecumenical_altar,
          minmay_misc_feat_five, minmay_strange_pillars
D:2:      layout_loops_corners, roderic_lattice_a, grunt_decor_clamped,
          hangedman_glass_teeth
D:3:      layout_loops_ring, serial_shops, nicolae_shop_statue_plus,
          nicolae_shop_hallway_stairs
D:4:      layout_rooms, minmay_temple_entry_drinking_statues

Skill      XL: |  1  2  3  4  5 |
---------------+----------------+-----
Armour         | 4 5 |  5.7
Fighting       | 4 5 |  5.0
Shields        | 4 |  4.3
Long Blades    | 3 4 |  4.9

Action                   |  1- 3 |  4- 6 || total
-------------------------+-------+-------++-------
Melee: Long sword        |    77 |    77 ||   154
       Headbutt          |     9 |    12 ||    21
  Use: Potion            |       |     1 ||     1
Armor: Scale mail        |    35 |    35 ||    70
Dodge: Dodged            |    34 |    35 ||    69
Block: Buckler           |    23 |    18 ||    41

Table legend: (Time is in decaauts)
 A = Elapsed time spent in this place.
 B = Non-inter-level travel time spent in this place.
 C = Inter-level travel time spent in this place.
 D = Time resting spent in this place.
 E = Time spent auto-exploring this place.
 F = Levels seen in this place.
 G = Mean time per level.
                   A        B        C        D        E       F      G
               +--------+--------+--------+--------+--------+-----+--------+
         Total |   3769 |   3697 |     72 |    676 |   2618 |   4 |  942.2 |
       Dungeon |   3769 |   3697 |     72 |    676 |   2618 |   4 |  942.2 |
               +--------+--------+--------+--------+--------+-----+--------+

Top non-repeatable levels by time:
     D:2: 1255 daAuts
     D:3: 1076 daAuts
     D:1: 762 daAuts
     D:4: 674 daAuts
